Bruins vs Sabres

Created - March 19 2012 at 18:13

Goals
1 2 3 OT1 SO T
Bruins 1 1 1 0 0 3
Sabres 2 0 1 0 1 4
Shots
1 2 3 OT1 SO T
Bruins 19 2 15 5 3 41
Sabres 8 11 12 1 2 32

Period #1

1. Bruins , Ales Hemsky 30 (Chris Kunitz, Tobias Enstrom) at 0:51
2. Sabres , Daniel Briere 36 (Marian Hossa, Christian Ehrhoff) at 4:24
3. Sabres , Dan Cleary 32 (Andrej Sekera) at 7:28

Penalties :
Mike Richards (BUF) for Interference (Minor) at 9:23, Brad Stuart (BUF) for Cross-checking (Minor) at 12:27, Tuomo Ruutu (BUF) for Hooking (Minor) at 17:48, Adam McQuaid (BOS) for Holding (Minor) at 17:48

Period #2

4. Bruins , Evander Kane 9 (Brad Marchand, Derick Brassard) at 19:49

Penalties :
Jordan Leopold (BOS) for High sticking (Minor) at 0:52, Christian Ehrhoff (BUF) for Holding (Minor) at 3:47, Adam McQuaid (BOS) for Cross-checking (Minor) at 11:17, Tobias Enstrom (BOS) for High sticking (Minor) at 16:58

Period #3

5. Sabres , Mike Richards 29 (Brad Stuart, Chris Stewart) at 9:34 (PP)
6. Bruins , Brad Marchand 16 (Derick Brassard, Evander Kane) at 11:23

Penalties :
Zdeno Chara (BOS) for Tripping (Minor) at 4:03, Patrick Kaleta (BUF) for Hooking (Minor) at 5:03, Evander Kane (BOS) for Roughing (Minor) at 8:13, Derick Brassard (BOS) for Hooking (Minor) at 12:13

Overtime #1

No Goal

Penalties :
Brad Stuart (BUF) for Tripping (Minor) at 1:18, Mike Richards (BUF) for Roughing (Double Minor) at 4:03

Shootout

Penalty Shot by Chris Kunitz for Bruins - Stopped by Corey Crawford
Penalty Shot by Thomas Vanek for Sabres - Goal!
Penalty Shot by Milan Lucic for Bruins - Stopped by Corey Crawford
Penalty Shot by Daniel Briere for Sabres - Shot Misses the Net
Penalty Shot by Ales Hemsky for Bruins - Shot Misses the Net

Penalties :
No Penalty

Goalie Stats

Tuukka Rask (BOS), 29 saves from 32 shots - (0.906), OTL, 10-5-1, 65:00 minutes
Corey Crawford (BUF), 38 saves from 41 shots - (0.927), W, 29-32-2, 65:00 minutes

Players Stats

Bruins
Player Name              G  A  P  +/- PIM S  H  SB FO    MP 
------------------------------------------------------------
Adam McQuaid             0  0  0  -1  4   0  0  4  0/0   18 
Ales Hemsky              1  0  1   1  0   4  1  0  1/1   17 
Brad Marchand            1  1  2   1  0   2  0  0  1/1   13 
Chris Kelly              0  0  0  -1  0   1  0  0  9/18  13 
Chris Kunitz             0  1  1   1  0   4  3  0  0/0   18 
David Krejci             0  0  0   1  0   3  0  0  12/29 21 
Dennis Seidenberg        0  0  0   0  0   3  2  0  0/0   24 
Derick Brassard          0  2  2   1  2   0  0  0  6/14  11 
Evander Kane             1  1  2   1  2   6  0  0  1/1   13 
Jordan Leopold           0  0  0   1  2   1  0  1  0/0   22 
Milan Lucic              0  0  0   0  0   4  4  0  1/4   17 
Nathan Horton            0  0  0   0  0   2  0  0  1/1   11 
Patrice Bergeron         0  0  0   0  0   5  0  2  10/24 17 
Rich Peverley            0  0  0  -1  0   0  0  0  0/1   10 
Tobias Enstrom           0  1  1   1  2   2  0  1  0/0   18 
Tyler Seguin             0  0  0  -1  0   2  0  0  6/9   16 
Zach Bogosian            0  0  0   1  0   0  0  0  0/0   20 
Zdeno Chara              0  0  0   0  2   2  4  3  0/0   27 
Sabres
Player Name              G  A  P  +/- PIM S  H  SB FO    MP 
------------------------------------------------------------
Andrej Sekera            0  1  1   0  0   2  0  1  0/0   20 
Brad Stuart              0  1  1   1  4   0  1  0  0/0   24 
Brett Sterling           0  0  0   0  0   1  0  0  0/0   8  
Chris Stewart            0  1  1   0  0   3  1  0  2/3   18 
Christian Ehrhoff        0  1  1   1  2   1  1  3  0/0   27 
Dan Cleary               1  0  1   0  0   4  2  0  1/1   10 
Daniel Briere            1  0  1   1  0   2  0  0  18/29 21 
David Legwand            0  0  0   0  0   0  0  0  4/6   8  
Jay Bouwmeester          0  0  0  -2  0   0  3  2  0/0   22 
Jordan Staal             0  0  0   0  0   2  0  1  9/20  15 
Marian Hossa             0  1  1   1  0   7  1  0  0/0   21 
Mike Knuble              0  0  0  -2  0   0  0  0  3/4   15 
Mike Richards            1  0  1  -2  6   5  1  0  16/36 22 
Patrick Kaleta           0  0  0   0  2   0  1  0  0/0   8  
Thomas Vanek             0  0  0   1  0   3  0  0  1/2   17 
Trevor Daley             0  0  0   0  0   1  0  0  0/0   10 
Tuomo Ruutu              0  0  0  -2  2   1  1  0  1/2   17 
Tyler Myers              0  0  0  -2  0   0  3  1  0/0   24 

3 Stars

1 - Brad Marchand (BOS)
2 - Ales Hemsky (BOS)
3 - Evander Kane (BOS)

Power Play

Bruins - 0 on 7 Attempt(s) - 0.00%
Sabres - 1 on 6 Attempt(s) - 16.67%

Penalty Kill

Bruins - 5 on 6 Attempt(s) - 83.33% - Score 0 goal in Penalty Kill
Sabres - 7 on 7 Attempt(s) - 100.00% - Score 0 goal in Penalty Kill

Game Notes

No Game Note

Finance

Level 1 -- Attendance: 6500 (100.00%) -- Ticket Income $559,000.00
Level 2 -- Attendance: 5000 (100.00%) -- Ticket Income $250,000.00
Level 3 -- Attendance: 3500 (100.00%) -- Ticket Income $105,000.00
Level 4 -- Attendance: 2690 (100.00%) -- Ticket Income $51,110.00
Luxury Box -- Attendance: 1000 (100.00%) -- Ticket Income $166,000.00
Game was played at the HSBC Arena
Total Attendance: 18690 (100.00%)
Total Ticket Income: $1,182,166.00
Other Income: $219,329.40
Total Income: $1,401,495.00


Play by Play

Period #1

0:01 of 1st period - Patrice Bergeron wins face-off versus Daniel Briere in neutral zone.
0:22 of 1st period - Shot by Daniel Briere.
0:22 of 1st period - Stopped by Tuukka Rask without a rebound.
0:23 of 1st period - Mike Richards wins face-off versus David Krejci in Bruins zone.
0:38 of 1st period - Mike Knuble is hit by Ales Hemsky and loses puck.
0:47 of 1st period - Shot by Chris Kunitz.
0:47 of 1st period - Shot Blocked by Jay Bouwmeester.
0:51 of 1st period - Shot by Ales Hemsky.
0:51 of 1st period - Goal by Ales Hemsky - Bruins : 1 - Sabres : 0.
0:52 of 1st period - Evander Kane wins face-off versus Jordan Staal in neutral zone.
1:21 of 1st period - Shot by Jordan Staal.
1:21 of 1st period - Stopped by Tuukka Rask without a rebound.
1:22 of 1st period - Daniel Briere wins face-off versus Rich Peverley in Bruins zone.
2:19 of 1st period - Icing by Tyler Myers.
2:20 of 1st period - Mike Richards wins face-off versus David Krejci in Sabres zone.
2:26 of 1st period - Icing by Jordan Leopold.
2:27 of 1st period - David Krejci wins face-off versus Jordan Staal in Bruins zone.
2:36 of 1st period - Shot by Chris Kunitz.
2:36 of 1st period - Stopped by Corey Crawford with a rebound.
2:46 of 1st period - Shot by Chris Kunitz.
2:46 of 1st period - Deflect By Ales Hemsky.
2:46 of 1st period - Stopped by Corey Crawford without a rebound.
2:47 of 1st period - Mike Richards wins face-off versus Derick Brassard in Sabres zone.
4:05 of 1st period - Shot by Ales Hemsky.
4:05 of 1st period - Stopped by Corey Crawford without a rebound.
4:06 of 1st period - Chris Kelly wins face-off versus Daniel Briere in Sabres zone.
4:24 of 1st period - Shot by Marian Hossa.
4:24 of 1st period - Deflect By Daniel Briere.
4:24 of 1st period - Goal by Daniel Briere - Bruins : 1 - Sabres : 1.
4:25 of 1st period - Jordan Staal wins face-off versus Milan Lucic in neutral zone.
6:04 of 1st period - Shot by Marian Hossa.
6:04 of 1st period - Stopped by Tuukka Rask without a rebound.
6:05 of 1st period - Chris Kelly wins face-off versus Mike Richards in Bruins zone.
7:28 of 1st period - Shot by Dan Cleary.
7:28 of 1st period - Goal by Dan Cleary - Bruins : 1 - Sabres : 2.
7:29 of 1st period - Daniel Briere wins face-off versus David Krejci in neutral zone.
8:29 of 1st period - Icing by Trevor Daley.
8:30 of 1st period - Chris Kelly wins face-off versus Jordan Staal in Sabres zone.
8:50 of 1st period - Shot by Dennis Seidenberg.
8:50 of 1st period - Stopped by Corey Crawford without a rebound.
8:51 of 1st period - Mike Richards wins face-off versus Derick Brassard in Sabres zone.
8:53 of 1st period - Icing by Tuomo Ruutu.
8:54 of 1st period - Derick Brassard wins face-off versus Mike Richards in Sabres zone.
8:54 of 1st period - Derick Brassard is hit by Jay Bouwmeester.
9:23 of 1st period - Minor Penalty to Mike Richards for Interference.
9:24 of 1st period - Tyler Seguin wins face-off versus Daniel Briere in Sabres zone.
9:33 of 1st period - Shot by Milan Lucic.
9:33 of 1st period - Stopped by Corey Crawford without a rebound.
9:34 of 1st period - David Krejci wins face-off versus Jordan Staal in Sabres zone.
9:34 of 1st period - David Krejci is hit by Tyler Myers.
9:40 of 1st period - Shot by Ales Hemsky.
9:40 of 1st period - Shot Misses the Net.
9:44 of 1st period - Shot by Chris Kunitz.
9:44 of 1st period - Shot Blocked by Tyler Myers.
9:51 of 1st period - Ales Hemsky is hit by Tyler Myers and loses puck.
10:04 of 1st period - Shot by David Krejci.
10:04 of 1st period - Shot Blocked by Christian Ehrhoff.
10:08 of 1st period - Shot by Tobias Enstrom.
10:08 of 1st period - Shot Blocked by Christian Ehrhoff.
10:31 of 1st period - Shot by Dennis Seidenberg.
10:31 of 1st period - Stopped by Corey Crawford with a rebound.
10:58 of 1st period - Icing by Jordan Leopold.
10:59 of 1st period - Tyler Seguin wins face-off versus Thomas Vanek in Bruins zone.
11:07 of 1st period - Icing by Jordan Leopold.
11:08 of 1st period - Daniel Briere wins face-off versus Tyler Seguin in Bruins zone.
11:25 of 1st period - Brad Marchand is hit by Dan Cleary and loses puck.
12:25 of 1st period - Ales Hemsky is hit by Brad Stuart and loses puck.
12:27 of 1st period - Minor Penalty to Brad Stuart for Cross-checking.
12:28 of 1st period - Mike Richards wins face-off versus David Krejci in Sabres zone.
13:31 of 1st period - Shot by Jordan Leopold.
13:31 of 1st period - Stopped by Corey Crawford without a rebound.
13:32 of 1st period - Mike Knuble wins face-off versus Tyler Seguin in Sabres zone.
13:53 of 1st period - Shot by Milan Lucic.
13:53 of 1st period - Stopped by Corey Crawford without a rebound.
13:54 of 1st period - David Krejci wins face-off versus Jordan Staal in Sabres zone.
13:55 of 1st period - Shot by Tobias Enstrom.
13:55 of 1st period - Shot Misses the Net.
13:57 of 1st period - Shot by Tobias Enstrom.
13:57 of 1st period - Stopped by Corey Crawford with a rebound.
13:59 of 1st period - Shot by Chris Kunitz.
13:59 of 1st period - Stopped by Corey Crawford without a rebound.
14:00 of 1st period - Tyler Seguin wins face-off versus Mike Richards in Sabres zone.
14:01 of 1st period - Shot by Dennis Seidenberg.
14:01 of 1st period - Shot Hit the Post.
14:03 of 1st period - Shot by Milan Lucic.
14:03 of 1st period - Shot Hit the Post.
14:05 of 1st period - Shot by Jordan Leopold.
14:05 of 1st period - Shot Blocked by Andrej Sekera.
14:07 of 1st period - Shot by Jordan Leopold.
14:07 of 1st period - Shot Misses the Net.
14:09 of 1st period - Shot by Dennis Seidenberg.
14:09 of 1st period - Stopped by Corey Crawford without a rebound.
14:10 of 1st period - David Krejci wins face-off versus Jordan Staal in Sabres zone.
14:15 of 1st period - Shot by Zdeno Chara.
14:15 of 1st period - Stopped by Corey Crawford without a rebound.
14:16 of 1st period - Tyler Seguin wins face-off versus Mike Knuble in Sabres zone.
14:19 of 1st period - Shot by Milan Lucic.
14:19 of 1st period - Stopped by Corey Crawford without a rebound.
14:20 of 1st period - Mike Richards wins face-off versus David Krejci in Sabres zone.
14:20 of 1st period - Mike Richards is hit by Chris Kunitz.
14:36 of 1st period - Icing by Christian Ehrhoff.
14:37 of 1st period - David Legwand wins face-off versus Chris Kelly in Sabres zone.
14:45 of 1st period - Rich Peverley is hit by Christian Ehrhoff and loses puck.
15:52 of 1st period - Shot by Mike Richards.
15:52 of 1st period - Stopped by Tuukka Rask without a rebound.
15:53 of 1st period - Dan Cleary wins face-off versus David Krejci in Bruins zone.
15:58 of 1st period - Shot by Chris Stewart.
15:58 of 1st period - Shot Misses the Net.
16:12 of 1st period - Dan Cleary is hit by Chris Kunitz and loses puck.
16:40 of 1st period - Off-side.
16:41 of 1st period - Mike Knuble wins face-off versus Patrice Bergeron in neutral zone.
16:56 of 1st period - Shot by Patrice Bergeron.
16:56 of 1st period - Stopped by Corey Crawford with a rebound.
16:58 of 1st period - Shot by Patrice Bergeron.
16:58 of 1st period - Stopped by Corey Crawford without a rebound.
16:59 of 1st period - Derick Brassard wins face-off versus Daniel Briere in Sabres zone.
17:14 of 1st period - Shot by Derick Brassard.
17:14 of 1st period - Shot Misses the Net.
17:26 of 1st period - Shot by Evander Kane.
17:26 of 1st period - Shot Misses the Net.
17:28 of 1st period - Shot by Brad Marchand.
17:28 of 1st period - Stopped by Corey Crawford without a rebound.
17:29 of 1st period - Chris Kelly wins face-off versus Mike Richards in Sabres zone.
17:48 of 1st period - Minor Penalty to Tuomo Ruutu for Hooking.
17:48 of 1st period - Minor Penalty to Adam McQuaid for Holding.
17:49 of 1st period - Mike Richards wins face-off versus Chris Kelly in Bruins zone.
17:54 of 1st period - Shot by Mike Richards.
17:54 of 1st period - Deflect By Marian Hossa.
17:54 of 1st period - Shot Misses the Net.
17:56 of 1st period - Shot by Mike Richards.
17:56 of 1st period - Shot Blocked by Zdeno Chara.
18:00 of 1st period - Shot by Marian Hossa.
18:00 of 1st period - Stopped by Tuukka Rask without a rebound.
18:01 of 1st period - Daniel Briere wins face-off versus Tyler Seguin in Bruins zone.
19:00 of 1st period - Shot by Marian Hossa.
19:00 of 1st period - Deflect By Mike Richards.
19:00 of 1st period - Shot Misses the Net.
19:04 of 1st period - Shot by Mike Richards.
19:04 of 1st period - Stopped by Tuukka Rask without a rebound.
19:05 of 1st period - Mike Richards wins face-off versus Chris Kelly in Bruins zone.
19:05 of 1st period - Mike Richards is hit by Dennis Seidenberg.
19:08 of 1st period - Marian Hossa is hit by Dennis Seidenberg and loses puck.
19:30 of 1st period - Shot by Chris Kelly.
19:30 of 1st period - Deflect By Evander Kane.
19:30 of 1st period - Stopped by Corey Crawford without a rebound.
19:31 of 1st period - Patrice Bergeron wins face-off versus Daniel Briere in Sabres zone.
19:54 of 1st period - Shot by David Krejci.
19:54 of 1st period - Stopped by Corey Crawford without a rebound.
19:55 of 1st period - Jordan Staal wins face-off versus David Krejci in Sabres zone.

Period #2

0:01 of 2nd period - Daniel Briere wins face-off versus Patrice Bergeron in neutral zone.
0:09 of 2nd period - Daniel Briere is hit by Zdeno Chara and loses puck.
0:14 of 2nd period - Shot by Daniel Briere.
0:14 of 2nd period - Shot Misses the Net.
0:18 of 2nd period - Shot by Marian Hossa.
0:18 of 2nd period - Shot Misses the Net.
0:20 of 2nd period - Shot by Daniel Briere.
0:20 of 2nd period - Shot Blocked by Zdeno Chara.
0:22 of 2nd period - Shot by Marian Hossa.
0:22 of 2nd period - Stopped by Tuukka Rask without a rebound.
0:23 of 2nd period - Mike Richards wins face-off versus David Krejci in Bruins zone.
0:52 of 2nd period - Minor Penalty to Jordan Leopold for High sticking.
0:53 of 2nd period - Patrice Bergeron wins face-off versus Daniel Briere in Bruins zone.
1:22 of 2nd period - Shot by Thomas Vanek.
1:22 of 2nd period - Shot Hit the Post.
2:06 of 2nd period - Shot by Tuomo Ruutu.
2:06 of 2nd period - Stopped by Tuukka Rask without a rebound.
2:07 of 2nd period - Mike Richards wins face-off versus Patrice Bergeron in Bruins zone.
2:08 of 2nd period - Shot by Andrej Sekera.
2:08 of 2nd period - Shot Blocked by Patrice Bergeron.
2:10 of 2nd period - Shot by Brad Stuart.
2:10 of 2nd period - Shot Misses the Net.
2:12 of 2nd period - Shot by Tuomo Ruutu.
2:12 of 2nd period - Deflect By Chris Stewart.
2:12 of 2nd period - Shot Misses the Net.
2:14 of 2nd period - Shot by Mike Richards.
2:14 of 2nd period - Shot Blocked by Zdeno Chara.
2:16 of 2nd period - Shot by Mike Richards.
2:16 of 2nd period - Stopped by Tuukka Rask without a rebound.
2:17 of 2nd period - David Krejci wins face-off versus Daniel Briere in Bruins zone.
2:37 of 2nd period - Icing by Christian Ehrhoff.
2:38 of 2nd period - Daniel Briere wins face-off versus Patrice Bergeron in Sabres zone.
3:13 of 2nd period - Shot by Chris Stewart.
3:13 of 2nd period - Stopped by Tuukka Rask without a rebound.
3:14 of 2nd period - David Legwand wins face-off versus Chris Kelly in Bruins zone.
3:34 of 2nd period - Adam McQuaid is hit by Patrick Kaleta and loses puck.
3:47 of 2nd period - Minor Penalty to Christian Ehrhoff for Holding.
3:48 of 2nd period - David Krejci wins face-off versus Mike Richards in Sabres zone.
4:08 of 2nd period - Icing by Chris Kunitz.
4:09 of 2nd period - Jordan Staal wins face-off versus David Krejci in Bruins zone.
4:42 of 2nd period - Jordan Staal is hit by Milan Lucic and loses puck.
5:57 of 2nd period - Icing by Daniel Briere.
5:58 of 2nd period - David Legwand wins face-off versus Chris Kelly in Sabres zone.
6:25 of 2nd period - Shot by Daniel Briere.
6:25 of 2nd period - Shot Misses the Net.
8:00 of 2nd period - Shot by Jordan Staal.
8:00 of 2nd period - Shot Blocked by Tobias Enstrom.
8:15 of 2nd period - Icing by Mike Knuble.
8:16 of 2nd period - Tuomo Ruutu wins face-off versus Patrice Bergeron in Sabres zone.
8:16 of 2nd period - Tyler Myers is hit by Milan Lucic and loses puck.
8:47 of 2nd period - Shot by Patrice Bergeron.
8:47 of 2nd period - Stopped by Corey Crawford without a rebound.
8:48 of 2nd period - Chris Stewart wins face-off versus David Krejci in Sabres zone.
9:09 of 2nd period - Shot by Thomas Vanek.
9:09 of 2nd period - Stopped by Tuukka Rask without a rebound.
9:10 of 2nd period - Derick Brassard wins face-off versus Jordan Staal in Bruins zone.
9:24 of 2nd period - Icing by Trevor Daley.
9:25 of 2nd period - Jordan Staal wins face-off versus Chris Kelly in Sabres zone.
9:30 of 2nd period - Shot by Jordan Staal.
9:30 of 2nd period - Stopped by Tuukka Rask without a rebound.
9:31 of 2nd period - Mike Richards wins face-off versus Derick Brassard in Bruins zone.
9:40 of 2nd period - Shot by Jay Bouwmeester.
9:40 of 2nd period - Shot Misses the Net.
9:58 of 2nd period - Shot by Mike Richards.
9:58 of 2nd period - Shot Misses the Net.
10:00 of 2nd period - Shot by Mike Richards.
10:00 of 2nd period - Stopped by Tuukka Rask without a rebound.
10:01 of 2nd period - Ales Hemsky wins face-off versus David Legwand in Bruins zone.
10:52 of 2nd period - Icing by Brad Stuart.
10:53 of 2nd period - David Legwand wins face-off versus Chris Kelly in Sabres zone.
11:17 of 2nd period - Minor Penalty to Adam McQuaid for Cross-checking.
11:18 of 2nd period - Patrice Bergeron wins face-off versus Mike Richards in Bruins zone.
11:46 of 2nd period - David Krejci is hit by Mike Richards and loses puck.
12:16 of 2nd period - Icing by Brad Stuart.
12:17 of 2nd period - Daniel Briere wins face-off versus Patrice Bergeron in Sabres zone.
12:30 of 2nd period - Shot by Thomas Vanek.
12:30 of 2nd period - Shot Misses the Net.
13:27 of 2nd period - Shot by Dan Cleary.
13:27 of 2nd period - Shot Blocked by Adam McQuaid.
13:31 of 2nd period - Shot by Chris Stewart.
13:31 of 2nd period - Shot Blocked by Adam McQuaid.
13:33 of 2nd period - Shot by Trevor Daley.
13:33 of 2nd period - Stopped by Tuukka Rask without a rebound.
13:34 of 2nd period - David Krejci wins face-off versus Mike Richards in Bruins zone.
14:25 of 2nd period - Icing by Mike Richards.
14:26 of 2nd period - Mike Richards wins face-off versus Derick Brassard in Sabres zone.
14:32 of 2nd period - Icing by Evander Kane.
14:33 of 2nd period - Derick Brassard wins face-off versus Jordan Staal in Bruins zone.
14:33 of 2nd period - Derick Brassard is hit by Dan Cleary.
14:41 of 2nd period - Shot by Dan Cleary.
14:41 of 2nd period - Shot Misses the Net.
15:03 of 2nd period - Shot by Dan Cleary.
15:03 of 2nd period - Stopped by Tuukka Rask with a rebound.
15:11 of 2nd period - Evander Kane is hit by Chris Stewart and loses puck.
15:39 of 2nd period - Shot by Marian Hossa.
15:39 of 2nd period - Shot Misses the Net.
15:43 of 2nd period - Shot by Marian Hossa.
15:43 of 2nd period - Shot Misses the Net.
16:58 of 2nd period - Minor Penalty to Tobias Enstrom for High sticking.
16:59 of 2nd period - Daniel Briere wins face-off versus Patrice Bergeron in Bruins zone.
17:04 of 2nd period - Shot by Daniel Briere.
17:04 of 2nd period - Shot Misses the Net.
17:06 of 2nd period - Shot by Marian Hossa.
17:06 of 2nd period - Stopped by Tuukka Rask without a rebound.
17:07 of 2nd period - Mike Richards wins face-off versus David Krejci in Bruins zone.
17:08 of 2nd period - Shot by Chris Stewart.
17:08 of 2nd period - Stopped by Tuukka Rask without a rebound.
17:09 of 2nd period - Daniel Briere wins face-off versus Patrice Bergeron in Bruins zone.
17:29 of 2nd period - Marian Hossa is hit by Zdeno Chara and loses puck.
17:48 of 2nd period - Icing by Tyler Myers.
17:49 of 2nd period - Daniel Briere wins face-off versus David Krejci in Sabres zone.
19:41 of 2nd period - Off-side.
19:42 of 2nd period - Derick Brassard wins face-off versus Jordan Staal in neutral zone.
19:49 of 2nd period - Shot by Evander Kane.
19:49 of 2nd period - Goal by Evander Kane - Bruins : 2 - Sabres : 2.
19:50 of 2nd period - Thomas Vanek wins face-off versus Derick Brassard in neutral zone.

Period #3

0:01 of 3rd period - Daniel Briere wins face-off versus Patrice Bergeron in neutral zone.
0:04 of 3rd period - Milan Lucic is hit by Marian Hossa and loses puck.
0:35 of 3rd period - Shot by Marian Hossa.
0:35 of 3rd period - Deflect By Thomas Vanek.
0:35 of 3rd period - Stopped by Tuukka Rask with a rebound.
0:39 of 3rd period - Shot by Marian Hossa.
0:39 of 3rd period - Stopped by Tuukka Rask without a rebound.
0:40 of 3rd period - David Krejci wins face-off versus Mike Richards in Bruins zone.
2:10 of 3rd period - Shot by Chris Stewart.
2:10 of 3rd period - Shot Blocked by Jordan Leopold.
3:12 of 3rd period - Thomas Vanek is hit by Milan Lucic and loses puck.
3:25 of 3rd period - Off-side.
3:26 of 3rd period - Mike Richards wins face-off versus Derick Brassard in neutral zone.
3:38 of 3rd period - Icing by Zdeno Chara.
3:39 of 3rd period - Jordan Staal wins face-off versus Derick Brassard in Bruins zone.
3:39 of 3rd period - Trevor Daley is hit by Zdeno Chara and loses puck.
3:49 of 3rd period - Jordan Staal is hit by Zdeno Chara and loses puck.
4:02 of 3rd period - Shot by Dan Cleary.
4:02 of 3rd period - Stopped by Tuukka Rask with a rebound.
4:03 of 3rd period - Minor Penalty to Zdeno Chara for Tripping.
4:04 of 3rd period - Mike Richards wins face-off versus Patrice Bergeron in Bruins zone.
4:33 of 3rd period - Shot by Mike Richards.
4:33 of 3rd period - Shot Misses the Net.
5:02 of 3rd period - Off-side.
5:03 of 3rd period - David Krejci wins face-off versus Mike Richards in neutral zone.
5:03 of 3rd period - Minor Penalty to Patrick Kaleta for Hooking.
5:04 of 3rd period - Chris Kelly wins face-off versus Mike Richards in Sabres zone.
5:11 of 3rd period - Shot by Chris Kelly.
5:11 of 3rd period - Shot Misses the Net.
5:13 of 3rd period - Shot by David Krejci.
5:13 of 3rd period - Shot Blocked by Jay Bouwmeester.
5:18 of 3rd period - Shot by Chris Kelly.
5:18 of 3rd period - Stopped by Corey Crawford without a rebound.
5:19 of 3rd period - Patrice Bergeron wins face-off versus Mike Richards in Sabres zone.
5:38 of 3rd period - Shot by Tuomo Ruutu.
5:38 of 3rd period - Shot Misses the Net.
6:05 of 3rd period - Shot by Zdeno Chara.
6:05 of 3rd period - Stopped by Corey Crawford without a rebound.
6:06 of 3rd period - Jordan Staal wins face-off versus David Krejci in Sabres zone.
6:33 of 3rd period - Shot by Zdeno Chara.
6:33 of 3rd period - Deflect By Ales Hemsky.
6:33 of 3rd period - Shot Misses the Net.
6:35 of 3rd period - Shot by Ales Hemsky.
6:35 of 3rd period - Shot Misses the Net.
6:37 of 3rd period - Shot by Ales Hemsky.
6:37 of 3rd period - Shot Misses the Net.
6:39 of 3rd period - Shot by Tobias Enstrom.
6:39 of 3rd period - Stopped by Corey Crawford without a rebound.
6:40 of 3rd period - Tyler Seguin wins face-off versus Mike Richards in Sabres zone.
6:51 of 3rd period - Shot by Milan Lucic.
6:51 of 3rd period - Shot Misses the Net.
6:53 of 3rd period - Shot by Milan Lucic.
6:53 of 3rd period - Stopped by Corey Crawford without a rebound.
6:54 of 3rd period - Jordan Staal wins face-off versus Milan Lucic in Sabres zone.
6:54 of 3rd period - Christian Ehrhoff is hit by Milan Lucic and loses puck.
7:11 of 3rd period - Shot by Evander Kane.
7:11 of 3rd period - Shot Blocked by Jordan Staal.
7:15 of 3rd period - Shot by Evander Kane.
7:15 of 3rd period - Stopped by Corey Crawford without a rebound.
7:16 of 3rd period - Daniel Briere wins face-off versus Chris Kelly in Sabres zone.
7:23 of 3rd period - Shot by Daniel Briere.
7:23 of 3rd period - Shot Misses the Net.
7:47 of 3rd period - Icing by Dennis Seidenberg.
7:48 of 3rd period - Tyler Seguin wins face-off versus Jordan Staal in Bruins zone.
7:56 of 3rd period - Icing by Andrej Sekera.
7:57 of 3rd period - Jordan Staal wins face-off versus David Krejci in Sabres zone.
8:06 of 3rd period - Shot by Chris Stewart.
8:06 of 3rd period - Shot Misses the Net.
8:08 of 3rd period - Shot by Dan Cleary.
8:08 of 3rd period - Stopped by Tuukka Rask without a rebound.
8:09 of 3rd period - Derick Brassard wins face-off versus Mike Richards in Bruins zone.
8:13 of 3rd period - Minor Penalty to Evander Kane for Roughing.
8:14 of 3rd period - Daniel Briere wins face-off versus Patrice Bergeron in Bruins zone.
8:15 of 3rd period - Shot by Christian Ehrhoff.
8:15 of 3rd period - Stopped by Tuukka Rask without a rebound.
8:16 of 3rd period - Daniel Briere wins face-off versus David Krejci in Bruins zone.
8:37 of 3rd period - Shot by Marian Hossa.
8:37 of 3rd period - Stopped by Tuukka Rask with a rebound.
8:39 of 3rd period - Shot by Marian Hossa.
8:39 of 3rd period - Shot Misses the Net.
8:41 of 3rd period - Shot by Thomas Vanek.
8:41 of 3rd period - Shot Misses the Net.
8:43 of 3rd period - Shot by Tyler Myers.
8:43 of 3rd period - Shot Blocked by Adam McQuaid.
8:45 of 3rd period - Shot by Daniel Briere.
8:45 of 3rd period - Shot Hit the Post.
8:47 of 3rd period - Shot by Tyler Myers.
8:47 of 3rd period - Shot Blocked by Adam McQuaid.
8:49 of 3rd period - Shot by Daniel Briere.
8:49 of 3rd period - Shot Misses the Net.
8:51 of 3rd period - Shot by Marian Hossa.
8:51 of 3rd period - Stopped by Tuukka Rask without a rebound.
8:52 of 3rd period - David Krejci wins face-off versus Tuomo Ruutu in Bruins zone.
9:30 of 3rd period - Shot by Chris Stewart.
9:30 of 3rd period - Shot Misses the Net.
9:32 of 3rd period - Shot by Brad Stuart.
9:32 of 3rd period - Shot Misses the Net.
9:34 of 3rd period - Shot by Mike Richards.
9:34 of 3rd period - Goal by Mike Richards - Bruins : 2 - Sabres : 3.
9:35 of 3rd period - David Krejci wins face-off versus David Legwand in neutral zone.
10:02 of 3rd period - Shot by Chris Kunitz.
10:02 of 3rd period - Deflect By David Krejci.
10:02 of 3rd period - Shot Misses the Net.
10:06 of 3rd period - Shot by David Krejci.
10:06 of 3rd period - Stopped by Corey Crawford with a rebound.
10:08 of 3rd period - Shot by Chris Kunitz.
10:08 of 3rd period - Shot Misses the Net.
10:41 of 3rd period - Icing by Milan Lucic.
10:42 of 3rd period - Mike Richards wins face-off versus Milan Lucic in Bruins zone.
11:20 of 3rd period - Derick Brassard is hit by Jay Bouwmeester and loses puck.
11:23 of 3rd period - Shot by Brad Marchand.
11:23 of 3rd period - Goal by Brad Marchand - Bruins : 3 - Sabres : 3.
11:24 of 3rd period - Jordan Staal wins face-off versus David Krejci in neutral zone.
11:29 of 3rd period - Shot by Dan Cleary.
11:29 of 3rd period - Shot Misses the Net.
11:53 of 3rd period - Shot by Chris Kunitz.
11:53 of 3rd period - Stopped by Corey Crawford without a rebound.
11:54 of 3rd period - Daniel Briere wins face-off versus Chris Kelly in Sabres zone.
12:05 of 3rd period - Shot by Tyler Seguin.
12:05 of 3rd period - Stopped by Corey Crawford without a rebound.
12:06 of 3rd period - Brad Marchand wins face-off versus Mike Richards in Sabres zone.
12:06 of 3rd period - Brad Marchand is hit by Tyler Myers.
12:13 of 3rd period - Minor Penalty to Derick Brassard for Hooking.
12:14 of 3rd period - Daniel Briere wins face-off versus Patrice Bergeron in Bruins zone.
12:23 of 3rd period - Shot by Thomas Vanek.
12:23 of 3rd period - Deflect By Daniel Briere.
12:23 of 3rd period - Shot Blocked by Patrice Bergeron.
13:16 of 3rd period - Shot by Andrej Sekera.
13:16 of 3rd period - Stopped by Tuukka Rask with a rebound.
13:18 of 3rd period - Shot by Mike Richards.
13:18 of 3rd period - Shot Misses the Net.
13:20 of 3rd period - Shot by Andrej Sekera.
13:20 of 3rd period - Stopped by Tuukka Rask without a rebound.
13:21 of 3rd period - Nathan Horton wins face-off versus Mike Richards in Bruins zone.
14:14 of 3rd period - Christian Ehrhoff is hit by Chris Kunitz and loses puck.
14:51 of 3rd period - Shot by Brett Sterling.
14:51 of 3rd period - Stopped by Tuukka Rask with a rebound.
15:09 of 3rd period - Shot by David Krejci.
15:09 of 3rd period - Stopped by Corey Crawford without a rebound.
15:10 of 3rd period - Mike Knuble wins face-off versus David Krejci in Sabres zone.
16:42 of 3rd period - Off-side.
16:43 of 3rd period - Patrice Bergeron wins face-off versus Mike Richards in neutral zone.
16:51 of 3rd period - Patrice Bergeron is hit by Jay Bouwmeester.
16:55 of 3rd period - Shot by Nathan Horton.
16:55 of 3rd period - Shot Misses the Net.
16:59 of 3rd period - Shot by Patrice Bergeron.
16:59 of 3rd period - Deflect By Nathan Horton.
16:59 of 3rd period - Stopped by Corey Crawford with a rebound.
17:01 of 3rd period - Shot by Zdeno Chara.
17:01 of 3rd period - Shot Misses the Net.
17:03 of 3rd period - Shot by Patrice Bergeron.
17:03 of 3rd period - Shot Misses the Net.
17:05 of 3rd period - Shot by Patrice Bergeron.
17:05 of 3rd period - Stopped by Corey Crawford with a rebound.
17:09 of 3rd period - Shot by Nathan Horton.
17:09 of 3rd period - Stopped by Corey Crawford without a rebound.
17:10 of 3rd period - David Krejci wins face-off versus Daniel Briere in Sabres zone.
17:15 of 3rd period - Shot by Ales Hemsky.
17:15 of 3rd period - Stopped by Corey Crawford with a rebound.
17:23 of 3rd period - Zach Bogosian is hit by Tuomo Ruutu and loses puck.
17:49 of 3rd period - Shot by Chris Stewart.
17:49 of 3rd period - Deflect By Thomas Vanek.
17:49 of 3rd period - Stopped by Tuukka Rask without a rebound.
17:50 of 3rd period - Chris Stewart wins face-off versus Patrice Bergeron in Bruins zone.
18:41 of 3rd period - Icing by Dennis Seidenberg.
18:42 of 3rd period - Patrice Bergeron wins face-off versus Mike Richards in Bruins zone.
19:05 of 3rd period - Shot by Chris Kunitz.
19:05 of 3rd period - Stopped by Corey Crawford without a rebound.
19:06 of 3rd period - Daniel Briere wins face-off versus Derick Brassard in Sabres zone.
19:11 of 3rd period - Off-side.
19:12 of 3rd period - Patrice Bergeron wins face-off versus Daniel Briere in neutral zone.

Overtime #1

0:01 of 1st overtime period - Patrice Bergeron wins face-off versus Daniel Briere in neutral zone.
0:12 of 1st overtime period - Shot by Tyler Seguin.
0:12 of 1st overtime period - Stopped by Corey Crawford without a rebound.
0:13 of 1st overtime period - Chris Kelly wins face-off versus Mike Richards in Sabres zone.
1:18 of 1st overtime period - Minor Penalty to Brad Stuart for Tripping.
1:19 of 1st overtime period - Patrice Bergeron wins face-off versus Jordan Staal in Sabres zone.
2:56 of 1st overtime period - Shot by Zdeno Chara.
2:56 of 1st overtime period - Shot Blocked by Christian Ehrhoff.
3:00 of 1st overtime period - Shot by Patrice Bergeron.
3:00 of 1st overtime period - Stopped by Corey Crawford without a rebound.
3:01 of 1st overtime period - Chris Kelly wins face-off versus Mike Richards in Sabres zone.
3:26 of 1st overtime period - Shot by Evander Kane.
3:26 of 1st overtime period - Stopped by Corey Crawford without a rebound.
3:27 of 1st overtime period - Milan Lucic wins face-off versus Chris Stewart in Sabres zone.
4:02 of 1st overtime period - Shot by Chris Stewart.
4:02 of 1st overtime period - Stopped by Tuukka Rask without a rebound.
4:03 of 1st overtime period - Chris Kelly wins face-off versus Mike Richards in Bruins zone.
4:03 of 1st overtime period - Double Minor Penalty to Mike Richards for Roughing.
4:04 of 1st overtime period - Chris Kelly wins face-off versus Daniel Briere in Sabres zone.
4:09 of 1st overtime period - Shot by Evander Kane.
4:09 of 1st overtime period - Stopped by Corey Crawford with a rebound.
4:25 of 1st overtime period - Shot by Chris Kelly.
4:25 of 1st overtime period - Shot Misses the Net.
4:27 of 1st overtime period - Shot by Evander Kane.
4:27 of 1st overtime period - Stopped by Corey Crawford without a rebound.
4:28 of 1st overtime period - Daniel Briere wins face-off versus Patrice Bergeron in Sabres zone.

ShootOut

ShootOut - Penalty Shot by Chris Kunitz for Bruins.
ShootOut - Stopped by Corey Crawford.
ShootOut - Penalty Shot by Thomas Vanek for Sabres.
ShootOut - Goal by Thomas Vanek.
ShootOut - Penalty Shot by Milan Lucic for Bruins.
ShootOut - Stopped by Corey Crawford.
ShootOut - Penalty Shot by Daniel Briere for Sabres.
ShootOut - Shot Misses the Net.
ShootOut - Penalty Shot by Ales Hemsky for Bruins.
ShootOut - Shot Misses the Net.


Output by the SimonT Hockey Simulator (STHS) for Stephane Roy -- Original Page W3C XHTML 1.0 Valid